 Dungeon Crawl Stone Soup version 0.19.0-17-g07987d3 (webtiles) character file.

3083 Coron the Protected (level 9, -8/85 HPs)
             Began as a Deep Dwarf Abyssal Knight on Nov 11, 2016.
             Was an Elder of Lugonu.
             Mangled by an orc warrior
             ... wielding a +0 glaive
              (12 damage)
             ... on level 8 of the Dungeon.
             The game lasted 00:37:29 (6882 turns).

Coron the Protected (Deep Dwarf Abyssal Knight)     Turns: 6882, Time: 00:37:29

Health: -8/85      AC: 24    Str: 20    XL:     9   Next: 58%
Magic:  8/8        EV: 10    Int: 12    God:    Lugonu [****..]
Gold:   486        SH:  0    Dex: 12    Spells: 0 memorised, 8 levels left

rFire  . . .     SeeInvis .     z - +1 mace (protect)
rCold  . . .     Gourm    .     u - +3 chain mail {rPois}
rNeg   + . .     Faith    .     (no shield)
rPois  +         Spirit   .     (no helmet)
rElec  .         Reflect  .     L - +2 cloak
rCorr  .         Harm     .     (no gloves)
MR     +....                    (no boots)
Stlth  ..........               f - amulet of rage
                                T - ring of positive energy
                                i - +2 ring of evasion

@: protection aura, non-regenerating, drained
A: damage resistance, recharge devices, sense surroundings 2, slow regeneration
3
a: Device Recharging, Depart the Abyss, Bend Space, Banish, Corrupt, Renounce
Religion, Evoke Berserk Rage


You were on level 8 of the Dungeon.
You worshipped Lugonu.
Lugonu was greatly pleased with you.
You were not hungry.

You visited 2 branches of the dungeon, and saw 10 of its levels.
You visited the Abyss 1 time.

You collected 486 gold pieces.

Inventory:

Hand Weapons
 a - a +1 hand axe
 z - a +1 mace of protection (weapon)
Missiles
 y - 4 tomahawks (quivered)
 P - 2 javelins
 X - 5 steel tomahawks
Armour
 b - a +0 leather armour
 o - a +0 chain mail
 s - a +0 scale mail
 u - a +3 chain mail of poison resistance (worn)
 G - a +0 plate armour
 L - a +2 cloak (worn)
 U - a +1 cloak of poison resistance
Jewellery
 f - an amulet of rage (around neck)
 i - a +2 ring of evasion (left hand)
 w - an uncursed ring of poison resistance
 T - a ring of positive energy (right hand)
Wands
 c - a wand of heal wounds (5/9)
 h - a wand of flame (18/48)
 t - a wand of digging (16/24)
 C - a wand of iceblast (2/15)
 I - a wand of acid (0/15)
 M - a wand of random effects (9/48)
 O - a wand of enslavement (11/24)
Scrolls
 e - 2 scrolls of fear
 j - a scroll of remove curse {unknown}
 k - a scroll of fog {unknown}
 m - 3 scrolls of blinking
 n - a scroll of teleportation
 E - 2 scrolls of amnesia
 F - a scroll of magic mapping
 K - a scroll of immolation {unknown}
 S - a scroll of noise {unknown}
Potions
 g - 2 potions of magic {unknown}
 q - a potion of haste
 r - a potion of lignification
 v - a potion of cancellation {unknown}
 B - 2 potions of degeneration
 D - a potion of flight {unknown}
 H - 3 potions of curing
 J - a potion of berserk rage {unknown}
 N - a potion of brilliance {unknown}
 V - a potion of invisibility {unknown}
Books
 W - a book of Cantrips

   Spells                             Type                      Level
   a - Confusing Touch                Hexes                        1
   b - Animate Skeleton               Necromancy                   1
   c - Summon Small Mammal            Summoning                    1
   d - Apportation                    Translocation                1
Comestibles
 d - 9 bread rations
 l - 3 chunks of flesh
 p - a fruit
 x - a royal jelly
 A - 2 slices of pizza
 R - 4 meat rations


   Skills:
 + Level 6.5(6.4) Fighting
 - Level 2.4(5.2) Axes
 - Level 6.8(6.9) Maces & Flails
 - Level 9.2(9.1) Armour
 - Level 1.1(1.0) Dodging
 - Level 2.5(2.4) Invocations
 - Level 6.0(5.9) Evocations


You had 8 spell levels left.
You didn't know any spells.

Dungeon Overview and Level Annotations

Branches:
Dungeon (9/15)             Temple (1/1) D:4
   Lair: D:8-11         Orc: D:9-12

Altars:
Ashenzari
Cheibriados
Dithmenos
Elyvilon
Fedhas
Gozag
Kikubaaqudgha
Makhleb
Nemelex Xobeh
Okawaru
Ru
Sif Muna
Trog
Uskayaw
Xom
Yredelemnul
The Shining One

Shops:
D:6 }   D:7 =


Innate Abilities, Weirdness & Mutations

You are resistant to damage.
You can recharge devices by infusing magical energy.
You passively map the area around you.
You do not regenerate.


Message History

The orc warrior hits you but does no damage.
The wight closely misses you.
You hit the wight but do no damage.
The wight is heavily damaged.
The orc warrior hits you but does no damage.
The wight hits you with an enchanted morningstar!
* * * LOW HITPOINT WARNING * * *
You partially resist.
You feel drained.
You sock the wight!
You destroy the wight!
Lugonu accepts your kill.
The orc warrior hits you but does no damage.
Items here: ))) [[[ †† The orc warrior hits you with a glaive!!
* * * LOW HITPOINT WARNING * * *
You hit the orc warrior but do no damage.
Your weapon exudes an aura of protection.
The orc warrior is lightly wounded.
The orc warrior hits you with a glaive!
You die...

**#.#* ####..# *,...*
##.....## *,...* #..###..#
*,...* ##.## ##.# ******
#..# #o# #### ##.## #z#
...#####.)# #o# .....#...##
#o# #......#########@#
###...........##.#
.###..........##.####
.#............##....#
.#.#...).[.....####.##
................###..#
#..#..........#...##.#
##.....[......###....######
##.<.#.#)###### ###.......#


You could see an orc warrior, a wight and 2 orcs.

Vanquished Creatures
  A gargoyle (D:8)
  The ghost of Shadowablaze the Spear-Bearer, an amateur MfGl (D:4)
  A hippogriff (D:7)
  A wyvern (D:8)
  A hungry ghost (D:7)
  An ice beast (D:7)
  2 ogres
  3 centaurs
  A big kobold (D:7)
  3 bullfrogs
  A scorpion (D:8)
  6 killer bees (D:8)
  3 wights
  2 crimson imps
  3 hounds
  3 jellies (D:7)
  Crazy Yiuf (D:6)
  4 iguanas
  A centaur skeleton (D:4)
  Terence (D:2)
  4 orc wizards
  4 worker ants
  A worker ant zombie (D:7)
  12 adders
  2 shadow imps
  2 oozes
  7 worms
  4 dart slugs
  6 leopard geckos
  23 orcs
  4 giant cockroaches
  5 goblins
  5 hobgoblins
  21 jackals
  4 quokkas
  A ball python (D:3)
  A ball python skeleton (D:4)
  11 bats
  6 frilled lizards
  18 kobolds
  A kobold zombie (D:5)
  A leopard gecko skeleton (D:4)
  A leopard gecko zombie (D:6)
  7 rats
191 creatures vanquished.

Vanquished Creatures (others)
  A fungus (D:9)
1 creature vanquished.

Grand Total: 192 creatures vanquished

Notes
Turn   | Place    | Note
-------+----------+-------------------------------------------
     0 | Abyss:1  | Coron the Deep Dwarf Abyssal Knight began the quest for the Orb.
     0 | Abyss:1  | Reached XP level 1. HP: 20/20 MP: 2/2
    65 | Abyss:1  | Noticed a small abomination
    65 | Abyss:1  | Noticed a small abomination
    84 | D:1      | Escaped the Abyss
    91 | D:1      | Reached * piety under Lugonu
    98 | D:1      | Reached XP level 2. HP: 21/28 MP: 3/3
   320 | D:1      | Reached skill level 3 in Armour
   695 | D:2      | Reached XP level 3. HP: 2/34 MP: 4/4
   990 | D:2      | Reached skill level 4 in Armour
  1008 | D:2      | HP: 1/34 [worm (7)]
  1041 | D:2      | Noticed Terence
  1062 | D:2      | Killed Terence
  1062 | D:2      | Reached XP level 4. HP: 21/42 MP: 5/5
  1065 | D:2      | Reached ** piety under Lugonu
  1516 | D:3      | Reached skill level 5 in Armour
  1581 | D:3      | Reached skill level 1 in Evocations
  1598 | D:3      | Reached XP level 5. HP: 11/49 MP: 6/6
  1955 | D:3      | HP: 2/49 [orc/flail (1)]
  2107 | D:4      | Reached skill level 1 in Maces & Flails
  2224 | D:4      | Reached skill level 6 in Armour
  2250 | D:4      | Reached *** piety under Lugonu
  2309 | D:4      | Reached XP level 6. HP: 20/56 MP: 7/7
  2507 | D:4      | Noticed Shadowablaze's ghost (amateur MfGl)
  2785 | D:4      | Found a shimmering altar of Xom.
  2798 | D:4      | Found a staircase to the Ecumenical Temple.
  2925 | Temple   | Entered the Ecumenical Temple
  3344 | D:5      | Entered Level 5 of the Dungeon
  3398 | D:5      | Reached XP level 7. HP: 30/64 MP: 8/8
  3574 | D:5      | Reached skill level 5 in Evocations
  3591 | D:5      | Found a runed door.
  3591 | D:5      | Noticed a human
  3596 | D:5      | Found a basalt altar of Yredelemnul.
  3959 | D:6      | Reached XP level 8. HP: 22/73 MP: 12/12
  4125 | D:6      | Found a runed door.
  4129 | D:6      | Noticed Crazy Yiuf
  4142 | D:6      | HP: 2/73 [Crazy Yiuf/quarterstaff of chaos (6)]
  4145 | D:6      | Killed Crazy Yiuf
  4223 | D:6      | Reached skill level 5 in Fighting
  4592 | D:6      | Found Loih's Gadget Boutique.
  4750 | D:6      | Found a snail-covered altar of Cheibriados.
  5079 | D:4      | Reached **** piety under Lugonu
  5101 | D:4      | HP: 2/75 [Shadowablaze's ghost (3)]
  5130 | D:4      | Killed Shadowablaze's ghost
  5253 | D:7      | You fall through a shaft for 2 floors!
  5450 | D:8      | Found an ancient bone altar of Kikubaaqudgha.
  5501 | D:8      | Reached skill level 5 in Maces & Flails
  5533 | D:8      | Noticed a gargoyle
  5798 | D:7      | Gained mutation: You passively map the area around you. [Deep Dwarf growth]
  5798 | D:7      | Reached XP level 9. HP: 10/82 MP: 11/11
  5836 | D:7      | Found Jaunoud's Jewellery Shoppe.
  6315 | D:8      | Reached skill level 7 in Armour
  6497 | D:7      | Reached skill level 8 in Armour
  6683 | D:8      | Killed a gargoyle
  6683 | D:8      | Reached skill level 9 in Armour
  6881 | D:8      | HP: 4/85 [orc warrior/glaive (14)]
  6882 | D:8      | Mangled by an orc warrior

Skill      XL: |  1  2  3  4  5  6  7  8  9 |
---------------+----------------------------+-----
Fighting       | 3 4 6 |  6.5
Armour         | 3 4 5 6 9 |  9.2
Evocations     | 1 6 |  6.0
Maces & Flails | 2 3 6 |  6.8
Axes           | |  2.4
Dodging        | |  1.1
Invocations    | |  2.5

Action                   |  1- 3 |  4- 6 |  7- 9 || total
-------------------------+-------+-------+-------++-------
Melee: Hand axe          |   125 |   108 |       ||   233
       Mace              |       |   193 |   632 ||   825
Throw: Tomahawk          |       |       |     2 ||     2
Invok: Depart the Abyss  |     1 |       |       ||     1
 Abil: Device Recharging |       |       |     5 ||     5
Evoke: Wand              |     3 |     2 |    18 ||    23
  Use: Scroll            |     2 |     1 |     8 ||    11
       Potion            |       |       |     8 ||     8
 Stab: Invisible         |       |       |     3 ||     3
  Eat: Chunk             |     1 |     7 |    18 ||    26
       Fruit             |       |       |     2 ||     2
Armor: Leather armour    |    39 |       |       ||    39
       Scale mail        |     3 |     5 |       ||     8
       Chain mail        |       |   194 |   526 ||   720
       Skin              |       |       |    16 ||    16
Dodge: Dodged            |    87 |   139 |   448 ||   674
